[Event "14th Poti Open-A 2019"]
[Site "Poti"]
[Date "2019.07.14"]
[Round "2.10"]
[White "Azaryan, Tigran"]
[Black "Aliyev, Ravan"]
[Result "1/2-1/2"]
[ECO "B06"]
[WhiteElo "2064"]
[BlackElo "2385"]
[Annotator "ChessBase"]
[PlyCount "72"]
[EventDate "2019.07.13"]
[EventType "swiss"]
[EventCountry "GEO"]
[SourceTitle "playchess.com"]
[Source "ChessBase"]
[SourceQuality "1"]
[TimeControl "40/5400+30:1800+30"]

1. e4 g6 2. d4 Bg7 3. Nc3 c6 4. h4 h5 5. Bc4 d5 6. exd5 b5 7. Bb3 b4 8. Nce2 cxd5 9. Nf4 e6 10. c3 bxc3 11. bxc3 Nc6 12. Nf3 Nge7 13. Ng5 Nf5 14. Kf1 Bd7 15. Bc2 Nce7 16. Ba3 Qc7 17. Qf3 Bf6 18. Bxe7 Bxe7 19. Bxf5 gxf5 20. Nxh5 Rc8 21. Rc1 Qc4+ 22. Kg1 Qxa2 23. g4 Bxg5 24. hxg5 Qd2 25. Qe3 Qxe3 26. fxe3 fxg4 27. Ra1 Ke7 28. Rxa7 Ra8 29. Rxa8 Rxa8 30. Nf6 Bb5 31. Kf2 Bd3 32. Kg3 Bf5 33. Nxg4 Rg8 34. Kf4 Bxg4 35. Kxg4 f6 36. Rh5 fxg5 1/2-1/2

[Event "14th Poti Open-A 2019"]
[Site "Poti"]
[Date "2019.07.14"]
[Round "2.11"]
[White "Gharibyan, Mamikon"]
[Black "Nikoladze, Sopio"]
[Result "0-1"]
[ECO "B07"]
[WhiteElo "2350"]
[BlackElo "2124"]
[Annotator "ChessBase"]
[PlyCount "64"]
[EventDate "2019.07.13"]
[EventType "swiss"]
[EventCountry "GEO"]
[SourceTitle "playchess.com"]
[Source "ChessBase"]
[SourceQuality "1"]
[TimeControl "40/5400+30:1800+30"]

1. d4 d6 2. e4 Nf6 3. Nc3 e5 4. Nf3 exd4 5. Nxd4 Be7 6. g3 d5 7. e5 Ng4 8. e6 Nf6 9. exf7+ Kxf7 10. Bg2 Re8 11. O-O Kg8 12. Qf3 Bc5 13. Nb3 Bg4 14. Qd3 Na6 15. Nxc5 Nxc5 16. Qb5 b6 17. Bg5 d4 18. Bxa8 Qxa8 19. Bxf6 dxc3 20. Rae1 Re4 21. Rxe4 Qxe4 22. f3 Qe3+ 23. Kg2 gxf6 24. fxg4 Qe4+ 25. Rf3 c6 26. Qf1 cxb2 27. Qd1 Ne6 28. Qd7 Qxc2+ 29. Rf2 Qe4+ 30. Kh3 Nf8 31. Qd8 b1=Q 32. Rxf6 Qbb4 0-1

[Event "14th Poti Open-A 2019"]
[Site "Poti"]
[Date "2019.07.14"]
[Round "2.12"]
[White "Lomaia, Diana"]
[Black "Chkhaidze, Nikoloz"]
[Result "0-1"]
[ECO "D30"]
[WhiteElo "1807"]
[BlackElo "2330"]
[Annotator "ChessBase"]
[PlyCount "62"]
[EventDate "2019.07.13"]
[EventType "swiss"]
[EventCountry "GEO"]
[SourceTitle "playchess.com"]
[Source "ChessBase"]
[SourceQuality "1"]
[TimeControl "40/5400+30:1800+30"]

1. d4 d5 2. c4 e6 3. Nf3 Nf6 4. g3 Bb4+ 5. Bd2 Bd6 6. Bg2 c6 7. Qc2 O-O 8. O-O Ne4 9. Nc3 f5 10. a3 Nd7 11. b4 Bc7 12. cxd5 exd5 13. Na4 f4 14. Nc5 Ndxc5 15. dxc5 Bf5 16. Qb2 fxg3 17. hxg3 Qd7 18. Bc3 Nxc3 19. Qxc3 Rae8 20. Ra2 Rf6 21. Rd1 Be4 22. a4 Qf5 23. Qc1 Ref8 24. Qe3 Qg4 25. Rd4 h5 26. Qg5 Qxg5 27. Nxg5 Bxg2 28. Kxg2 Rxf2+ 29. Kh3 Re8 30. Rdd2 Re3 31. Nf3 g5 0-1

[Event "14th Poti Open-A 2019"]
[Site "Poti"]
[Date "2019.07.14"]
[Round "2.13"]
[White "Gvetadze, Sofio"]
[Black "Asgarov, Nihad"]
[Result "1-0"]
[ECO "C02"]
[WhiteElo "2316"]
[BlackElo "1902"]
[Annotator "ChessBase"]
[PlyCount "43"]
[EventDate "2019.07.13"]
[EventType "swiss"]
[EventCountry "GEO"]
[SourceTitle "playchess.com"]
[Source "ChessBase"]
[SourceQuality "1"]
[TimeControl "40/5400+30:1800+30"]

1. e4 e6 2. d4 d5 3. e5 c5 4. c3 Nc6 5. Nf3 Qb6 6. a3 c4 7. g3 Na5 8. Nbd2 Bd7 9. h4 Be7 10. Bh3 O-O-O 11. O-O Kb8 12. Ne1 Nb3 13. Nxb3 Ba4 14. Qf3 cxb3 15. Qxf7 Bb5 16. Qxg7 Bxf1 17. Bxf1 Nf6 18. exf6 Bd6 19. Nf3 e5 20. Nxe5 Bxe5 21. dxe5 Rdg8 22. Be3 1-0

[Event "14th Poti Open-A 2019"]
[Site "Poti"]
[Date "2019.07.14"]
[Round "2.14"]
[White "Dilanyan, Grigor"]
[Black "Ohanyan, Emin"]
[Result "1/2-1/2"]
[ECO "A05"]
[WhiteElo "2274"]
[BlackElo "1950"]
[Annotator "NA"]
[PlyCount "190"]
[EventDate "2019.07.13"]
[EventType "swiss"]
[EventCountry "GEO"]
[SourceTitle "playchess.com"]
[Source "ChessBase"]
[SourceQuality "1"]
[TimeControl "40/5400+30:1800+30"]

1. Nf3 Nf6 2. g3 g6 3. b3 Bg7 4. Bb2 O-O 5. Bg2 d5 6. c4 c6 7. O-O Bg4 8. h3 Bxf3 {[%emt 0:00:08] A11: English Opening: 1...c6} 9. Bxf3 Nbd7 (9... e6 10. Qc2 Nbd7 11. d3 Re8 12. e3 a5 13. Nc3 Nb6 14. Rac1 a4 15. Nxa4 Nxa4 16. bxa4 dxc4 17. Qxc4 {1-0 (60) Jones,G (2654)-Martirosyan,H (2516) Minsk 2017}) 10. cxd5 cxd5 11. d4 Ne4 12. Nc3 Nxc3 13. Bxc3 e6 {[%emt 0:04:46] [#]} 14. Rc1 $146 ({Predecessor:} 14. Qd3 f5 15. Rfc1 Rf7 16. Bd2 {1-0 (61) Skoberne,J (2535)-Martinovic,S (2504) Sibenik 2012}) 14... f5 15. e3 Nf6 16. Qd3 Ne4 17. Bb4 Re8 18. Rc2 Qd7 19. Rfc1 Rac8 20. a4 $11 Bf8 21. Bxf8 Rxf8 22. h4 Nd6 23. Qd2 Rxc2 24. Rxc2 Rc8 25. Rxc8+ Qxc8 26. Qa5 Qb8 27. Qc5 Kf7 28. b4 Ke7 29. a5 b6 30. axb6 axb6 31. Qc1 Qc8 32. Qa1 Qb7 33. Be2 b5 34. f3 Nc4 35. Kf2 h6 36. Bd3 Kf7 37. Qa2 Qe7 38. Bxc4 dxc4 39. Qa5 Qd7 40. Qb6 g5 41. hxg5 hxg5 42. e4 fxe4 43. fxe4 Qe8 44. Qb7+ Kg6 45. Ke3 g4 46. d5 Qf7 47. Qxb5 Qf3+ 48. Kd4 Qd3+ 49. Ke5 Qxg3+ 50. Kxe6 Qf3 51. Qe8+ Kg7 52. Qe7+ Kg6 53. e5 c3 54. Qf6+ Kh7 55. Qh4+ Kg6 56. Qf6+ Kh7 57. Qg5 c2 58. d6 Qd1 59. Kf6 Qf1+ 60. Ke7 c1=Q 61. Qh5+ Qh6 62. Qxh6+ Kxh6 63. d7 g3 64. d8=Q g2 65. Qh8+ Kg6 66. Qg8+ Kf5 67. Qe6+ Ke4 68. Qc6+ Kxe5 69. Qe6+ Kd4 70. Qd6+ Kc4 71. Qc5+ Kb3 72. Qe3+ Kxb4 73. Qd4+ Kb3 74. Qe3+ Kc2 75. Qe4+ Kd2 76. Qd5+ Ke3 77. Qc5+ Kf3 78. Qf5+ Kg3 79. Qg5+ Kh2 80. Qe5+ Kh1 81. Qh8+ Kg1 82. Qd4+ Qf2 83. Qd1+ Kh2 84. Qh5+ Kg3 85. Qg6+ Kf3 86. Qf5+ Ke2 87. Qb5+ Kd2 88. Qb2+ Ke1 89. Qb1+ Ke2 90. Qb5+ Kf3 91. Qf5+ Kg3 92. Qg6+ Kh3 93. Qe6+ Kh4 94. Qh6+ Kg3 95. Qg6+ Kf3 1/2-1/2

[Event "14th Poti Open-A 2019"]
[Site "Poti"]
[Date "2019.07.14"]
[Round "2.15"]
[White "Gabuzyan, Hovhannes"]
[Black "Suleymanli, Suleyman"]
[Result "1-0"]
[ECO "D12"]
[WhiteElo "2622"]
[BlackElo "2007"]
[Annotator "ChessBase"]
[PlyCount "129"]
[EventDate "2019.07.13"]
[EventType "swiss"]
[EventCountry "GEO"]
[SourceTitle "playchess.com"]
[Source "ChessBase"]
[SourceQuality "1"]
[TimeControl "40/5400+30:1800+30"]

1. Nf3 d5 2. c4 c6 3. d4 Nf6 4. e3 Bf5 5. Nc3 e6 6. Nh4 Bg6 7. Nxg6 hxg6 8. g3 Nbd7 9. Qe2 Be7 10. Bg2 Nb6 11. b3 a5 12. O-O O-O 13. Rb1 Qd7 14. c5 Nc8 15. a3 b5 16. b4 axb4 17. axb4 Bd8 18. Bb2 Ne7 19. Rbd1 Bc7 20. f3 Nh7 21. e4 f5 22. Rfe1 Rfe8 23. Qd3 Nf6 24. e5 Nh7 25. Ra1 Reb8 26. Bf1 Ng5 27. Ne2 Qc8 28. Nf4 Kf7 29. Kg2 Rxa1 30. Rxa1 Ra8 31. Qb1 Ra6 32. Bd3 Qa8 33. Rxa6 Qxa6 34. Bc1 Nh7 35. g4 Qc8 36. Qa2 Nf8 37. h4 Qb7 38. Nh3 Nh7 39. Bg5 Bd8 40. h5 gxh5 41. gxf5 exf5 42. Bxe7 Bxe7 43. Bxf5 Nf8 44. Bb1 Qd7 45. Qd2 Qe6 46. Ng5+ Bxg5 47. Qxg5 g6 48. f4 Nh7 49. Qh4 Nf8 50. Kf3 Kg7 51. Ke3 Qf7 52. Qg3 Qa7 53. Qg1 Qa3+ 54. Bd3 Qxb4 55. f5 Qa5 56. e6 Qd8 57. Qg3 Qe7 58. Ke2 b4 59. Qe5+ Kg8 60. Qd6 Qg5 61. e7 Qg2+ 62. Kd1 Qg1+ 63. Kc2 b3+ 64. Kxb3 Qd1+ 65. Bc2 1-0

[Event "14th Poti Open-A 2019"]
[Site "Poti"]
[Date "2019.07.14"]
[Round "2.16"]
[White "Buniatyan, David"]
[Black "Hayrapetyan, Hovik"]
[Result "0-1"]
[ECO "B43"]
[WhiteElo "2014"]
[BlackElo "2465"]
[Annotator "ChessBase"]
[PlyCount "126"]
[EventDate "2019.07.13"]
[EventType "swiss"]
[EventCountry "GEO"]
[SourceTitle "playchess.com"]
[Source "ChessBase"]
[SourceQuality "1"]
[TimeControl "40/5400+30:1800+30"]

1. e4 c5 2. Nf3 e6 3. d4 cxd4 4. Nxd4 a6 5. Nc3 Qc7 6. Qf3 Nc6 7. Nxc6 bxc6 8. Qg3 Qxg3 9. hxg3 d5 10. Na4 Bb7 11. Bf4 Nf6 12. exd5 Nxd5 13. Be5 c5 14. b3 f6 15. Bb2 Nb4 16. O-O-O Nxa2+ 17. Kb1 Nb4 18. Bc4 Be4 19. Rd2 Rd8 20. Re2 Bd5 21. Bxd5 Rxd5 22. Rxe6+ Kf7 23. Re2 Be7 24. Rhe1 Rd7 25. Ba3 Rhd8 26. Kb2 Bf8 27. Bxb4 cxb4 28. Nb6 Rb7 29. Nc4 Bc5 30. Kb1 Rbd7 31. Nb2 Bd4 32. Rd1 Bc3 33. Rd3 Rxd3 34. Nxd3 Rd5 35. Re4 Ra5 36. Nb2 Rh5 37. Rh4 Rxh4 38. gxh4 Kg6 39. Nd3 Kh5 40. Nc5 a5 41. Nb7 Be1 42. Nxa5 Bxf2 43. Nc6 Kxh4 44. Nxb4 Kg3 45. Nd3 Be3 46. c4 Kxg2 47. c5 Kf3 48. b4 Ke4 49. Kc2 Kd5 50. Kc3 Bd4+ 51. Kb3 g5 52. Ka4 Kc4 53. c6 Bb6 54. Nc5 f5 55. Nd7 Bc7 56. b5 Kd5 57. Nf6+ Ke6 58. Nd7 Kd6 59. Nf6 Bb6 60. Nd7 Bd8 61. Nf8 g4 62. Nxh7 g3 63. b6 Kxc6 0-1

[Event "14th Poti Open-A 2019"]
[Site "Poti"]
[Date "2019.07.14"]
[Round "2.17"]
[White "Khachikyan, Haik"]
[Black "Manukyan, Aleks"]
[Result "0-1"]
[ECO "C00"]
[WhiteElo "1869"]
[BlackElo "2097"]
[Annotator "NA"]
[PlyCount "70"]
[EventDate "2019.07.13"]
[EventType "swiss"]
[EventCountry "GEO"]
[SourceTitle "playchess.com"]
[Source "ChessBase"]
[SourceQuality "1"]
[TimeControl "40/5400+30:1800+30"]

1. e4 e6 2. b3 c5 3. Bb2 Nc6 4. Bb5 Nd4 5. Bxd4 cxd4 6. Nf3 g6 7. O-O Bg7 8. Re1 Ne7 $11 9. Bf1 O-O 10. c3 Nc6 11. cxd4 Nxd4 12. Nc3 d6 13. Rc1 Bd7 14. Nxd4 Bxd4 15. Ne2 Bg7 16. g3 Qa5 17. a4 Rac8 18. Nc3 Qb4 19. Qc2 a6 20. Qd3 Bd4 21. Ne2 Bg7 22. Rxc8 Rxc8 23. Rc1 Rxc1 24. Nxc1 Bh6 25. Ne2 Qxd2 26. Qc4 Bc6 27. Nd4 Be3 28. Ne2 Bc5 29. Qc3 Qd1 30. Qf3 Qe1 31. Nc3 Bd4 32. Ne2 Bxe4 33. Qf4 e5 34. Qf6 Bd3 35. Qf3 e4 0-1

[Event "14th Poti Open-A 2019"]
[Site "Poti"]
[Date "2019.07.14"]
[Round "2.18"]
[White "Mesropian, Khachatur"]
[Black "Kukhaleishvili, Giorgi"]
[Result "1-0"]
[ECO "E73"]
[WhiteElo "2094"]
[BlackElo "1839"]
[Annotator "NA"]
[PlyCount "109"]
[EventDate "2019.07.13"]
[EventType "swiss"]
[EventCountry "GEO"]
[SourceTitle "playchess.com"]
[Source "ChessBase"]
[SourceQuality "1"]
[TimeControl "40/5400+30:1800+30"]

1. d4 Nf6 2. c4 g6 3. Nc3 Bg7 4. e4 d6 $14 5. Be2 O-O 6. Bg5 c5 7. d5 a6 8. a4 Qa5 9. Bd2 e6 10. Nf3 exd5 11. exd5 Bg4 12. O-O Qc7 13. h3 Bxf3 14. Bxf3 Nbd7 15. Qc2 Rfe8 16. Rae1 Rxe1 17. Rxe1 Ne5 18. Be2 Re8 19. f4 Ned7 20. Bf3 Qd8 21. Qd1 Qb6 22. b3 Rxe1+ 23. Bxe1 h6 24. Qc2 Nf8 25. Bd1 Qd8 26. Qe2 Qe8 27. Qxe8 Nxe8 28. a5 f5 29. g4 Kf7 30. gxf5 gxf5 31. Bc2 Kg6 32. Kg2 Nd7 33. Ne2 Bf6 34. b4 Bd8 35. Ng3 Ng7 36. b5 h5 37. b6 h4 38. Nf1 Bf6 39. Ba4 Nb8 40. Kf3 Kh5 41. Ne3 Kg6 42. Ng2 Kh5 43. Bd1 Nd7 44. Ke3+ Kh6 45. Nxh4 Bd4+ 46. Kf3 Nf6 47. Bc2 Ne4 48. Nxf5+ Nxf5 49. Bxe4 Ne3 50. Bd3 Nd1 51. Bf5 Nb2 52. Bc8 Nxc4 53. Bxb7 Ne3 54. Bxa6 Nxd5 55. b7 1-0

[Event "14th Poti Open-A 2019"]
[Site "Poti"]
[Date "2019.07.14"]
[Round "2.19"]
[White "Ohanyan, Andrey"]
[Black "Pluzyan, Aram"]
[Result "0-1"]
[ECO "A04"]
[WhiteElo "1849"]
[BlackElo "2087"]
[Annotator "NA"]
[PlyCount "106"]
[EventDate "2019.07.13"]
[EventType "swiss"]
[EventCountry "GEO"]
[SourceTitle "playchess.com"]
[Source "ChessBase"]
[SourceQuality "1"]
[TimeControl "40/5400+30:1800+30"]

1. Nf3 c5 2. b3 Nc6 3. Bb2 d6 4. e3 e5 5. d3 Be7 6. Nbd2 f5 7. a4 Be6 8. Nc4 Bf6 9. e4 g6 10. g3 Nh6 11. Qd2 Nf7 12. Bg2 Qc7 13. h4 d5 14. exd5 Bxd5 15. O-O O-O-O 16. Ng5 Bxg5 17. hxg5 Nd4 18. Bxd4 cxd4 19. Bxd5 Rxd5 20. f4 exf4 21. Qxf4 Qd8 22. Rfe1 Qxg5 23. Qxg5 Nxg5 24. Re7 Rd7 25. Re2 Kd8 26. a5 Re7 27. Rxe7 Kxe7 28. a6 b6 29. Re1+ Kd7 30. Kg2 Nf7 31. Na3 Rc8 32. Rh1 h5 33. Rh4 Rc5 34. Rxd4+ Kc6 35. Nc4 b5 36. b4 Rd5 37. Na5+ Kd6 38. Rxd5+ Kxd5 39. c4+ bxc4 40. dxc4+ Kd6 41. b5 Kc5 42. Nc6 Kb6 43. Ne7 Nd6 44. Nd5+ Ka5 45. c5 Nxb5 46. c6 Kxa6 47. Ne7 Kb6 48. Nxg6 Nd4 49. Kf2 Kxc6 50. Ke3 Kc5 51. Nf4 Kc4 52. Nxh5 a5 53. Nf4 Nb3 0-1

[Event "14th Poti Open-A 2019"]
[Site "Poti"]
[Date "2019.07.14"]
[Round "2.20"]
[White "Siprashvili, Ivane"]
[Black "Manukyan, Sevak N."]
[Result "0-1"]
[ECO "A16"]
[WhiteElo "2062"]
[BlackElo "1830"]
[Annotator "NA"]
[PlyCount "146"]
[EventDate "2019.07.13"]
[EventType "swiss"]
[EventCountry "GEO"]
[SourceTitle "playchess.com"]
[Source "ChessBase"]
[SourceQuality "1"]
[TimeControl "40/5400+30:1800+30"]

1. c4 Nf6 2. Nc3 c5 3. Nf3 b6 4. d4 cxd4 5. Qxd4 Bb7 6. Bf4 d6 7. Qd2 Nbd7 8. e3 g6 9. Be2 Bg7 10. O-O O-O 11. h3 Rc8 12. Rac1 Nc5 13. Rfd1 Nce4 14. Nxe4 Nxe4 15. Qb4 Qc7 16. Nd2 Nc5 17. Qa3 Ba8 18. Bg3 Qc6 $15 19. f3 Qa4 20. Nb1 Qxa3 21. bxa3 Na4 22. Be1 Rc7 23. Rc2 Rfc8 24. Rdc1 d5 25. Nc3 Nxc3 26. Bxc3 Bxc3 27. Rxc3 Bb7 28. a4 Rc5 29. Kf2 Ba6 30. e4 e6 31. Ke3 dxc4 32. Rd1 R8c7 33. Rd8+ Kg7 34. f4 Ra5 35. Bd1 Bb7 36. Rd4 Rac5 37. Be2 Ba6 38. g4 Ra5 39. Bd1 Rac5 40. Be2 Kf8 41. h4 Ke7 42. g5 Ra5 43. Bd1 e5 44. fxe5 Rxe5 45. Rd5 Rxd5 46. exd5 Kd6 47. Kd4 Rc5 48. Bf3 Ra5 49. Be4 Rxa4 50. a3 Bb7 51. h5 Ra5 52. hxg6 hxg6 53. Rg3 Rc5 54. Rf3 Bxd5 55. Bxd5 Rxd5+ 56. Kxc4 Rf5 57. Rd3+ Kc6 58. Rg3 Rf4+ 59. Kb3 Rf5 60. Kc4 Kd6 61. Rd3+ Ke6 62. Re3+ Re5 63. Rg3 a6 64. Kb4 f6 65. gxf6 Kxf6 66. Kc4 g5 67. Kd4 Re8 68. Rf3+ Kg6 69. Rc3 Kf5 70. Rc6 Re6 71. Rc8 g4 72. Rf8+ Rf6 73. Rg8 Kf4 0-1

[Event "14th Poti Open-A 2019"]
[Site "Poti"]
[Date "2019.07.14"]
[Round "2.21"]
[White "Saakyan, David"]
[Black "Bechvaia, Gabriel"]
[Result "0-1"]
[ECO "B35"]
[WhiteElo "1558"]
[BlackElo "1793"]
[Annotator "NA"]
[PlyCount "76"]
[EventDate "2019.07.13"]
[EventType "swiss"]
[EventCountry "GEO"]
[SourceTitle "playchess.com"]
[Source "ChessBase"]
[SourceQuality "1"]
[TimeControl "40/5400+30:1800+30"]

1. e4 c5 2. Nf3 Nc6 3. d4 cxd4 4. Nxd4 g6 5. Bc4 Bg7 6. Be3 Nf6 7. Nc3 O-O 8. f3 Qb6 9. Qd2 Nxe4 10. Nxe4 Bxd4 11. Bh6 Qxb2 12. Rd1 Bg7 13. Bxg7 Kxg7 14. Bb3 d6 15. h4 h5 16. g4 Qe5 17. Qg2 hxg4 18. Rd5 Qf4 19. Nd2 Ne5 20. h5 Nxf3+ 21. Nxf3 gxf3 22. Qf2 Be6 23. Rd4 Qe5+ 24. Kd1 Bxb3 25. axb3 Rh8 26. Rdh4 g5 27. Re1 Qa1+ 28. Kd2 Qa5+ 29. b4 Qf5 30. Rh2 e5 31. Re3 g4 32. Qh4 Qf4 33. Rh1 Rag8 34. Rg1 Kh6 35. c3 f2 36. Rf1 g3 37. Qe7 g2 38. Qxd6+ f6 0-1

[Event "14th Poti Open-A 2019"]
[Site "Poti"]
[Date "2019.07.14"]
[Round "2.22"]
[White "Liponava, Zurab"]
[Black "Petrosyan, Tigran Sur."]
[Result "1/2-1/2"]
[ECO "C04"]
[WhiteElo "1793"]
[BlackElo "1554"]
[Annotator "NA"]
[PlyCount "105"]
[EventDate "2019.07.13"]
[EventType "swiss"]
[EventCountry "GEO"]
[SourceTitle "playchess.com"]
[Source "ChessBase"]
[SourceQuality "1"]
[TimeControl "40/5400+30:1800+30"]

1. e4 e6 2. d4 d5 3. Nd2 Nc6 4. Ngf3 Nf6 5. e5 Nd7 6. c3 f6 7. exf6 Qxf6 8. Be2 Bd6 9. Nf1 O-O 10. Ng3 Ne7 11. Bg5 Qf7 12. Bxe7 Qxe7 13. O-O c6 14. c4 Nf6 15. Bd3 Ng4 16. Qc2 g6 17. Rae1 Qf6 18. h3 Nh6 19. Ne5 Bxe5 20. dxe5 Qg7 21. f4 Bd7 22. Rf2 Rf7 23. Qc3 Raf8 24. Ref1 Kh8 25. b4 Bc8 26. a4 Rd8 27. c5 Qf8 28. Ne2 Nf5 29. Bxf5 gxf5 30. g4 Rg7 31. g5 Qf7 32. Ng3 Bd7 33. h4 Be8 34. h5 Qe7 35. Qd4 Qf8 36. Kg2 Rb8 37. a5 a6 38. Rh1 Rd8 39. Kf3 Rg8 40. Rg2 Rd7 41. Ne2 Rdg7 42. Qf2 Qe7 43. Nd4 Rf8 44. Ke3 Rgg8 45. Qh4 Rg7 46. Ne2 Rgg8 47. Kd4 Rg7 48. h6 Rg6 49. Ng3 Bf7 50. Nh5 Rfg8 51. Nf6 Rf8 52. Rb2 Qc7 53. Nh5 1/2-1/2

[Event "14th Poti Open-A 2019"]
[Site "Poti"]
[Date "2019.07.14"]
[Round "2.23"]
[White "Karaia, Alika"]
[Black "Chanturia, Lasha"]
[Result "1/2-1/2"]
[ECO "A46"]
[WhiteElo "1525"]
[BlackElo "1742"]
[Annotator "NA"]
[PlyCount "88"]
[EventDate "2019.07.13"]
[EventType "swiss"]
[EventCountry "GEO"]
[SourceTitle "playchess.com"]
[Source "ChessBase"]
[SourceQuality "1"]
[TimeControl "40/5400+30:1800+30"]

1. d4 Nf6 2. Nf3 e6 3. Nbd2 b6 4. b3 Bb7 5. Bb2 Be7 6. e3 O-O 7. Bd3 d5 8. O-O Nc6 9. c4 Nb4 10. Be2 c5 11. Ne5 Ne4 12. Nxe4 dxe4 13. a3 Na6 14. f4 f6 15. Ng4 f5 16. Ne5 Bf6 17. Qc2 Qe7 18. Rfd1 Rad8 19. d5 Nc7 20. d6 Rxd6 21. Rxd6 Qxd6 22. Rd1 Bxe5 23. Rxd6 Bxd6 24. Qd2 Rd8 25. Qc3 Ne8 26. g4 Bc8 27. g5 Bf8 28. h4 Rd7 29. h5 Nc7 30. h6 Bd6 31. Bh5 e5 32. fxe5 Bf8 33. e6 Nxe6 34. g6 Ng5 35. Qe5 hxg6 36. hxg7 Be7 37. Qb8 gxh5 38. Qxc8+ Rd8 39. Qc7 Nf3+ 40. Kg2 Rd2+ 41. Kf1 Rd1+ 42. Kg2 Rd2+ 43. Kf1 Rd1+ 44. Kg2 Rd2+ 1/2-1/2

[Event "14th Poti Open-A 2019"]
[Site "Poti"]
[Date "2019.07.14"]
[Round "2.24"]
[White "Qaloyan, Ishkhan"]
[Black "Ghukasyan, Haykaz"]
[Result "1-0"]
[ECO "D70"]
[WhiteElo "1497"]
[BlackElo "1697"]
[Annotator "NA"]
[PlyCount "89"]
[EventDate "2019.07.13"]
[EventType "swiss"]
[EventCountry "GEO"]
[SourceTitle "playchess.com"]
[Source "ChessBase"]
[SourceQuality "1"]
[TimeControl "40/5400+30:1800+30"]

1. d4 Nf6 2. c4 g6 3. Nf3 Bg7 4. g3 O-O 5. Bg2 c6 6. O-O d6 7. Nc3 Nbd7 8. Qc2 e5 9. Rd1 Qe7 10. e4 Re8 11. d5 c5 12. Ne1 Nb6 13. Qe2 Ng4 14. h3 Nh6 15. a4 f5 16. a5 Nd7 17. Nd3 Nf6 18. Bg5 Nf7 19. Bxf6 Qxf6 20. b4 cxb4 21. Nxb4 f4 22. g4 a6 23. Na4 Bf8 24. Nd3 Bd7 25. Nb6 Rad8 26. Rab1 Ng5 27. f3 h5 28. Nxd7 Rxd7 29. Rb6 Qh8 30. h4 hxg4 31. hxg5 g3 32. Kf1 Rh7 33. Ke1 Rc8 34. c5 dxc5 35. Rxg6+ Kf7 36. Rf6+ Kg8 37. Nxe5 Rh1+ 38. Bxh1 Qxh1+ 39. Kd2 g2 40. Rg6+ Kh7 41. Qe1 Qxe1+ 42. Rxe1 c4 43. Rg1 Bg7 44. Rxg7+ Kxg7 45. Rxg2 1-0

[Event "14th Poti Open-A 2019"]
[Site "Poti"]
[Date "2019.07.14"]
[Round "2.25"]
[White "Khachatryan, Sahak"]
[Black "Lezhava, Beso"]
[Result "0-1"]
[ECO "C55"]
[WhiteElo "1190"]
[BlackElo "1391"]
[Annotator "NA"]
[PlyCount "78"]
[EventDate "2019.07.13"]
[EventType "swiss"]
[EventCountry "GEO"]
[SourceTitle "playchess.com"]
[Source "ChessBase"]
[SourceQuality "1"]
[TimeControl "40/5400+30:1800+30"]

1. e4 e5 2. Nf3 Nc6 3. d4 exd4 4. Bc4 Nf6 5. Ng5 d5 6. exd5 Qe7+ 7. Kf1 Ne5 8. Qxd4 Nxc4 9. Qxc4 Qc5 10. Qe2+ Be7 11. Nc3 O-O 12. Nge4 Nxe4 13. Qxe4 Bf6 14. Be3 Qa5 15. Bd4 Bf5 16. Qf4 Bxd4 17. Qxd4 Bxc2 18. g3 Rad8 19. Kg2 Rd6 20. Rac1 Bg6 21. Rhe1 Rfd8 22. Qf4 h6 23. Re7 c6 24. dxc6 Rxc6 25. Rxb7 Rxc3 26. Rxa7 Qxa7 27. Rxc3 Qxa2 28. Qb4 Qa8+ 29. f3 Rd2+ 30. Kh3 Qd5 31. Qb8+ Kh7 32. g4 f5 33. Qa7 fxg4+ 34. fxg4 Qg2+ 35. Kh4 Qxh2+ 36. Rh3 Qe5 37. Qg1 Qg5+ 38. Kg3 Rd3+ 39. Kg2 Qd2+ 0-1

[Event "14th Poti Open-A 2019"]
[Site "Poti"]
[Date "2019.07.14"]
[Round "2.26"]
[White "Gegia, Davit"]
[Black "Chkhaidze, Mariam"]
[Result "1/2-1/2"]
[ECO "A51"]
[WhiteElo "1386"]
[BlackElo "1197"]
[Annotator "NA"]
[PlyCount "184"]
[EventDate "2019.07.13"]
[EventType "swiss"]
[EventCountry "GEO"]
[SourceTitle "playchess.com"]
[Source "ChessBase"]
[SourceQuality "1"]
[TimeControl "40/5400+30:1800+30"]

1. d4 Nf6 2. c4 e5 3. d5 Bc5 4. Bg5 d6 5. Nc3 Bxf2+ 6. Kd2 h6 7. Bxf6 Qxf6 8. e3 Bxg1 9. Rxg1 Bd7 10. Qb3 b6 11. Be2 Na6 12. Raf1 Qe7 13. Qd1 O-O-O 14. a3 Nc5 15. b4 Nb7 16. Bg4 Kb8 17. Rf2 Qh4 18. Rxf7 Qxg4 19. Qxg4 Bxg4 20. Rxg7 Rdg8 21. Re7 a6 22. Ne4 Kc8 23. Nf6 Rg6 24. Ne8 Bd7 25. Ng7 Kd8 26. Rf7 Rg8 27. Ne6+ Bxe6 28. dxe6 Rxe6 29. g3 Re7 30. Rf6 Rh8 31. Rgf1 Kd7 32. Rg6 Nd8 33. Rff6 Nf7 34. Kd3 h5 35. Ke4 Nd8 36. c5 bxc5 37. bxc5 Re6 38. c6+ Ke7 39. Rxe6+ Nxe6 40. Kd5 Nc5 41. Rg7+ Kd8 42. Rf7 a5 43. Rf1 Ke7 44. Rb1 Rf8 45. Rb5 Ra8 46. h3 Kf6 47. Rb1 Ke7 48. Rb5 Kf6 49. Rb1 a4 50. Rf1+ Kg6 51. g4 hxg4 52. Rg1 Kh5 53. Rxg4 Rf8 54. Rg7 Na6 55. Kc4 Rb8 56. e4 Rb6 57. Kd5 Rb5+ 58. Ke6 Kh4 59. Rh7+ Kg5 60. h4+ Kg6 61. Rh8 Nc5+ 62. Ke7 Nxe4 63. Kd7 Kg7 64. Ra8 Rb3 65. Kxc7 Rxa3 66. Kd8 Nc5 67. Ke7 Rf3 68. Kxd6 Ne4+ 69. Kxe5 Rc3 70. Ra7+ Kh6 71. c7 a3 72. Kxe4 a2 73. Rxa2 Rxc7 74. Ra8 Rh7 75. Kf4 Kh5 76. Ra1 Rf7+ 77. Kg3 Rg7+ 78. Kh3 Rg6 79. Ra5+ Kh6 80. Rb5 Rg7 81. Rb8 Re7 82. Rh8+ Rh7 83. Rd8 Rg7 84. Rd6+ Rg6 85. Rxg6+ Kxg6 86. Kg4 Kh6 87. h5 Kh7 88. Kg5 Kg7 89. h6+ Kh7 90. Kh5 Kh8 91. Kg6 Kg8 92. h7+ Kh8 1/2-1/2

[Event "14th Poti Open-A 2019"]
[Site "Poti"]
[Date "2019.07.14"]
[Round "2.27"]
[White "Meparishvili, Luka"]
[Black "Dvalishvili, Akaki"]
[Result "0-1"]
[ECO "A84"]
[WhiteElo "1170"]
[BlackElo "1371"]
[Annotator "NA"]
[PlyCount "98"]
[EventDate "2019.07.13"]
[EventType "swiss"]
[EventCountry "GEO"]
[SourceTitle "playchess.com"]
[Source "ChessBase"]
[SourceQuality "1"]
[TimeControl "40/5400+30:1800+30"]

1. d4 f5 2. c4 Nf6 3. Nf3 e6 4. Bg5 Be7 5. Nc3 d6 6. e3 h6 7. Bxf6 Bxf6 8. g3 c6 9. Bg2 O-O 10. O-O Qc7 11. Rc1 e5 12. d5 e4 13. Nd4 a6 14. b3 c5 15. Nde2 Nd7 16. Nf4 Ne5 17. Qh5 Kh7 18. Qd1 Bd7 19. a4 g5 20. Nfe2 Rab8 21. Nb1 b5 22. axb5 axb5 23. Nd2 b4 24. Qc2 Qd8 25. f3 exf3 26. Nxf3 Ng4 27. Qd3 Re8 28. Bh3 Nxe3 29. Rf2 g4 30. Nh4 Bxh4 31. Bxg4 Nxg4 32. Rxf5 Bxf5 33. Qxf5+ Kh8 34. Qxg4 Bg5 35. Rf1 Qe7 36. Qh5 Rf8 37. Ra1 Qe3+ 38. Kg2 Rf2+ 39. Kh3 Qxe2 40. Qxe2 Rxe2 41. Ra6 Rd8 42. Ra7 Re3 43. Kg4 Rxb3 44. h4 Bd2 45. Kh5 Re3 46. Kg6 Rxg3+ 47. Kh5 Re3 48. Kg6 Rg8+ 49. Kxh6 Re5# 0-1

[Event "14th Poti Open-A 2019"]
[Site "Poti"]
[Date "2019.07.14"]
[Round "2.28"]
[White "Gogia, Alexandre"]
[Black "Sturua, Tengiz"]
[Result "1-0"]
[ECO "D05"]
[WhiteElo "1368"]
[BlackElo "1182"]
[Annotator "NA"]
[PlyCount "57"]
[EventDate "2019.07.13"]
[EventType "swiss"]
[EventCountry "GEO"]
[SourceTitle "playchess.com"]
[Source "ChessBase"]
[SourceQuality "1"]
[TimeControl "40/5400+30:1800+30"]

1. d4 d5 2. Nf3 Nf6 3. e3 e6 4. Bd3 c5 5. c3 Nc6 6. Nbd2 Bd6 7. dxc5 Bxc5 8. b4 Bd6 9. O-O O-O 10. Re1 Bd7 11. a3 Qc7 12. Bb2 Rac8 13. c4 dxc4 14. Nxc4 Kh8 15. Bxf6 gxf6 16. Bxh7 Bxh2+ 17. Nxh2 Kxh7 18. Qh5+ Kg7 19. Qg4+ Kh7 20. Qh4+ Kg7 21. Ng4 Rh8 22. Qxf6+ Kg8 23. Nh6+ Rxh6 24. Qxh6 Ne7 25. Rac1 Nf5 26. Qg5+ Kh7 27. e4 Rg8 28. Qh5+ Nh6 29. Ne5 1-0